Map: Blueshift LE

Players

Reaper - Winner!

  • Race: Zerg Zerg
  • League: Grandmaster
  • Spawn Location: 7:00

Future

  • Race: Terran Terran
  • League: Grandmaster
  • Spawn Location: 1:00

Event: Cheeseadelphia 8

VOD

Have the link to the VOD?

Description

Time

  • Played on: Dec. 8, 2018, 10:21 a.m.
  • Length: 4:52

All games in this series

Show
View Real Time Build Order
Export as new Build Order

Reaper Zerg - Winner!

Build Orders: Pool First 

Get SALT Encoding   

  12  0:00  Drone  
  13  0:13  Overlord  
  13  0:16  Drone  
  14  0:31  Drone x2  
  14  0:35  Drone  
  17  0:36  Extractor  
  16  0:45  Drone  
  17  0:52  Spawning Pool  
  17  0:56  Drone  
  17  1:07  Drone  
  18  1:27  Hatchery  
  18  1:31  Drone  
  18  1:40  Metabolic Boost  
  17  1:49  Queen  
  17  1:53  Zergling x2  
  20  1:56  Drone  
  20  2:01  Drone  
  22  2:22  Roach Warren  
  21  2:39  Overlord  
  21  2:40  Overlord  
  20  3:02  Roach x5  
  20  3:03  Roach x2  
  34  3:07  Roach  
  36  3:13  Overlord  
  36  3:22  Zergling x2  
  36  3:26  Zergling x2  
  36  3:27  Zergling x2  
  39  3:30  Zergling x2  
  39  3:33  Ravager  
  41  3:35  Zergling x2  
  41  3:36  Zergling x2  
  43  3:43  Zergling x4  
  43  3:48  Ravager  
  46  3:50  Zergling x2  
  46  3:54  Zergling x2  
  46  3:55  Zergling x2  
  49  3:58  Zergling x2  
  47  4:14  Zergling x2  
  47  4:15  Zergling x2  
  48  4:18  Zergling x2  
  48  4:20  Zergling x2  
  48  4:21  Zergling x2  
  48  4:23  Zergling x2  
  51  4:29  Zergling x2  
  51  4:30  Zergling x2  
Show
View Real Time Build Order
Export as new Build Order

Future Terran 

Build Orders: Gas First Reaper Expand 

Get SALT Encoding   

  12  0:00  SCV  
  13  0:12  SCV  
  14  0:17  Supply Depot  
  14  0:25  SCV  
  14  0:27  Refinery  
  15  0:39  SCV  
  16  0:44  Barracks  
  16  0:52  SCV  
  17  1:04  SCV  
  18  1:16  SCV  
  18  1:37  Reaper, Orbital Command  
  19  1:49  Command Center  
  19  2:00  Factory  
  19  2:02  SCV  
  20  2:10  Barracks Reactor  
  20  2:14  SCV  
  21  2:15  Refinery  
  20  2:23  Supply Depot  
  20  2:26  SCV  
  21  2:39  SCV  
  22  2:45  Starport  
  22  2:51  SCV  
  23  2:55  Hellion  
  23  2:56  Hellion  
  27  3:03  SCV  
  28  3:07  Orbital Command  
  28  3:13  Barracks Tech Lab  
  28  3:15  SCV  
  28  3:27  SCV  
  28  3:29  Bunker  
  28  3:30  Factory Tech Lab  
  28  3:31  Marine x2  
  28  3:32  Starport Tech Lab  
  31  3:36  SCV  
  31  3:39  SCV  
  33  3:48  Marine, Bunker  
  33  3:49  Marine  
  33  3:52  Siege Tank  
  38  4:00  Supply Depot  
  38  4:02  Banshee  
  41  4:06  Marine  
  43  4:14  Marine  
  43  4:16  SCV  
  33  4:33  Marine  
Tags
 
Add a new tag
Caveats
  • Supply blocks, unpowered buildings, or Contaminate may cause inaccurate times.
  • Supply counts are checked every 10 seconds.